[ PARTIDA AOE2 · #469412525 ]
UnrankedBizantinos vs Saracens
[ ANÁLISIS DE REPETICIÓN · EXTRAÍDO DE LA PARTIDA GRABADA ]
Feudal
—
Castillos
—
Imperial
—
| APM promedio | 34.1 |
| APM pico | 62 |
| eAPM promedio | 12.2 |
| Aldeanos / militares | 15 / 0 |
Foco
⚔️ 10.9% · 🌾 89.1%
Feudal
—
Castillos
—
Imperial
—
| APM promedio | 38.1 |
| APM pico | 44 |
| eAPM promedio | 17.6 |
| Aldeanos / militares | 12 / 0 |
Foco
⚔️ 12.7% · 🌾 87.3%
Feudal
—
Castillos
—
Imperial
—
| APM promedio | 23.6 |
| APM pico | 43 |
| eAPM promedio | 11.9 |
| Aldeanos / militares | 9 / 0 |
Foco
⚔️ 0.0% · 🌾 100.0%
Feudal
—
Castillos
—
Imperial
—
| APM promedio | 2.1 |
| APM pico | 9 |
| eAPM promedio | 2.1 |
| Aldeanos / militares | 0 / 0 |
Feudal
—
Castillos
—
Imperial
—
| APM promedio | 1.7 |
| APM pico | 7 |
| eAPM promedio | 1.7 |
| Aldeanos / militares | 8 / 0 |
Foco
⚔️ 0.0% · 🌾 100.0%
Feudal
—
Castillos
—
Imperial
—
| APM promedio | 1.7 |
| APM pico | 6 |
| eAPM promedio | 1.7 |
| Aldeanos / militares | 0 / 0 |
Feudal
—
Castillos
—
Imperial
—
| APM promedio | 6.2 |
| APM pico | 26 |
| eAPM promedio | 1.9 |
| Aldeanos / militares | 4 / 0 |
Foco
⚔️ 0.0% · 🌾 100.0%
Feudal
—
Castillos
—
Imperial
—
| APM promedio | 1.2 |
| APM pico | 5 |
| eAPM promedio | 1.2 |
| Aldeanos / militares | 2 / 0 |
Foco
⚔️ 0.0% · 🌾 100.0%
Mapa de la partida
Recursos iniciales + cada clic de construcción. Líneas = muros · curvas = relieve. ◆ oro · ⬟ piedra · ● bayas · ✦ reliquia · ◌ hueco del cierre
Tu base
Base de APZz_
Base de The_ Rock
Base de ましろ色シンフォニー
Base de Rzagal
Base de 馬上贏
Base de RománMás3
Base de malathrock
Terreno inicial suavizado · ◌ = hueco del cierre detectado · pasá el cursor para detalles
Inputs por minuto
— Dr. Freezer - - APZz_
Build order — Dr. Freezer
19 acciones detectadas en el replay
| 0:04 | Construir | House |
| 0:04 | Crear | Villager (Male) |
| 0:06 | Construir | House |
| 0:10 | Crear | Villager (Male) |
| 0:10 | Crear | Villager (Male) |
| 0:10 | Crear | Villager (Male) |
| 0:10 | Crear | Villager (Male) |
| 1:28 | Crear | Villager (Male) |
| 1:28 | Crear | Villager (Male) |
| 1:57 | Crear | Villager (Male) |
| 2:03 | Construir | Lumber Camp |
| 2:26 | Crear | Villager (Male) |
| 2:26 | Crear | Villager (Male) |
| 2:56 | Crear | Villager (Male) |
| 2:56 | Crear | Villager (Male) |
| 3:01 | Crear | Villager (Male) |
| 3:48 | Crear | Villager (Male) |
| 3:49 | Crear | Villager (Male) |
| 4:08 | Construir | House |
Build order — APZz_
16 acciones detectadas en el replay
| 0:02 | Crear | Villager (Male) |
| 0:03 | Construir | House |
| 0:04 | Construir | House |
| 0:12 | Crear | Villager (Male) |
| 0:56 | Crear | Villager (Male) |
| 0:57 | Crear | Villager (Male) |
| 1:19 | Crear | Villager (Male) |
| 1:25 | Construir | Lumber Camp |
| 1:51 | Crear | Villager (Male) |
| 2:14 | Crear | Villager (Male) |
| 2:39 | Crear | Villager (Male) |
| 3:11 | Crear | Villager (Male) |
| 3:26 | Crear | Villager (Male) |
| 3:51 | Crear | Villager (Male) |
| 3:54 | Construir | House |
| 4:03 | Crear | Villager (Male) |
Build order — The_ Rock
12 acciones detectadas en el replay
| 0:04 | Crear | Villager (Male) |
| 0:04 | Crear | Villager (Male) |
| 0:07 | Crear | Villager (Male) |
| 0:08 | Crear | Villager (Male) |
| 0:12 | Construir | House |
| 0:14 | Construir | House |
| 1:31 | Crear | Villager (Male) |
| 1:55 | Crear | Villager (Male) |
| 1:56 | Crear | Villager (Male) |
| 1:58 | Construir | Lumber Camp |
| 3:53 | Crear | Villager (Male) |
| 3:54 | Crear | Villager (Male) |
Build order — ましろ色シンフォニー
0 acciones detectadas en el replay
Build order — Rzagal
2 acciones detectadas en el replay
| 0:01 | Crear | Villager (Male) ×4 |
| 0:01 | Crear | Villager (Male) ×4 |
Build order — 馬上贏
0 acciones detectadas en el replay
Build order — RománMás3
3 acciones detectadas en el replay
| 0:06 | Crear | Villager (Male) ×4 |
| 0:08 | Construir | House |
| 0:09 | Construir | House |
Build order — malathrock
2 acciones detectadas en el replay
| 0:02 | Crear | Villager (Male) |
| 0:02 | Crear | Villager (Male) |
Cronología de la partida
| 0:01 | ましろ色シンフォニー · resign |
[ ANÁLISIS IA · 1 CRÉDITO ]
¿Qué pasó realmente en esta partida?
Wolo.gg analiza cada decisión: build order, eco, micro, errores típicos por bracket. Análisis personalizado por WhatsApp o Discord en 30 segundos.
Guía civ
Bizantinos
Perfil
Jugador #3085728